 Dungeon Crawl Stone Soup version 0.30.1-3-gfc49f6343a (webtiles) character file.

Game seed: 10345841614792081529

49 H0rd4k the Charlatan (level 3, -1/23 HPs)
             Began as an Octopode Artificer on Aug 2, 2023.
             Slain by a quokka (2 damage)
             ... on level 2 of the Dungeon.
             The game lasted 00:00:58 (1076 turns).

H0rd4k the Charlatan (Octopode Artificer)           Turns: 1076, Time: 00:00:58

Health: -1/23      AC:  1    Str: 17    XL:     3   Next: 75%
Magic:  3/3        EV: 13    Int: 15    God:
Gold:   51         SH:  0    Dex: 12    Spells: 2/2 levels left

rFire   x . .        (no weapon)
rCold   + . .        (no shield)
rNeg    . . .        (helmet restricted)
rPois   .            (no amulet)
rElec   .            g - ring of ice
rCorr   .            k - +6 ring of strength
SInv    .            (no ring)
Will    .....        (no ring)
Stlth   +++          (no ring)
HPRegen 0.23/turn    (no ring)
MPRegen 0.08/turn    (no ring)
                     (no ring)

%: no passive effects
@: lethally poisoned (-1 -> -3)
A: almost no armour, amphibious, 8 rings, camouflage 1, gelatinous body 1,
(nimble swimmer 1), tentacles
a: no special abilities


You were on level 2 of the Dungeon.
You visited 1 branch of the dungeon, and saw 2 of its levels.

You collected 51 gold pieces.

Inventory:

Jewellery
 g - a ring of ice (left tentacle)
 k - a +6 ring of strength (right tentacle)
 m - a +6 ring of dexterity
Wands
 b - a wand of flame (15) (quivered)
 c - a wand of charming (15)
 d - a wand of iceblast (5)
Scrolls
 a - 4 scrolls of identify {unknown}
 e - a scroll of amnesia {unknown}
 f - a scroll of enchant armour {unknown}
 j - a scroll of teleportation {unknown}
 l - a scroll of vulnerability {unknown}
 n - a scroll of magic mapping {unknown}
Potions
 h - 2 potions of curing {unknown}
 i - a potion of haste {unknown}
 o - a potion of berserk rage {unknown}


   Skills:
 + Level 1.0 Fighting
 + Level 2.7 Dodging
 + Level 3.2 Stealth
 + Level 0.2 Unarmed Combat
 + Level 4.1 Evocations


You had 2 spell levels left.
You didn't know any spells.
Your spell library was empty.

Dungeon Overview and Level Annotations

Branches:
Dungeon (2/15)

Altars:
Qazlal

Shops:
D:2 !

Annotations:
D:1 exclusion: downstairs
D:2 Sigmund


Innate Abilities, Weirdness & Mutations

You cannot wear most types of armour.
You are amphibious.
You can wear up to eight rings at the same time.
Your skin changes colour to match your surroundings (Stealth+).
Your rubbery body absorbs attacks. (AC +1, EV +1)
((You are camouflaged when in or above water. (Stealth+)))
You have tentacles for arms and can constrict up to eight enemies at once.


Message History

You constrict the bat.
You kill the bat!
The adder misses you.
You tentacle-slap the adder. Your grab misses the adder.
The adder is lightly wounded.
The adder bites you.
You are poisoned.
The adder poisons you!
You miss the adder. You grab the adder.
The adder is lightly wounded.
You constrict the adder.
You feel sick. The adder closely misses you. The adder misses you.
You tentacle-slap the adder.
The adder is heavily wounded.
You constrict the adder.
You feel sick. The adder bites you.
You are more poisoned.
The adder poisons you!
You tentacle-slap the adder but do no damage.
The adder is heavily wounded.
You constrict the adder.
You feel sick. The adder bites you.
You are too injured to fight recklessly!
You barely miss the adder. You squeeze the adder.
You kill the adder!
You feel sick. The quokka bites you.
* * * LOW HITPOINT WARNING * * *
Your Stealth skill increases to level 3!
Unknown command.
You closely miss the quokka. Your grab misses the quokka.
Your tentacle-slap misses the quokka.
You feel sick. The quokka barely misses you.
You tentacle-slap the quokka but do no damage.
You grab the quokka. You constrict the quokka.
You feel sick. The quokka bites you.
* * * LOW HITPOINT WARNING * * *
You completely miss the quokka.
The quokka is heavily wounded.
You constrict the quokka, but do no damage.
* * * LOW HITPOINT WARNING * * *
You feel sick. The quokka bites you.
You die...

. .. ## .. # ###. .# ..
## .... ##.## .## .#
#... #.#.†#...# .#
...###.##@r# .# .##
#.#..#[..####...# ..###
#.##).###†...#
#...####..##.#.#.####
.##...##....#...#......#
. ###.###.#.##.####.####
. #.....#..##.. # .
###..##........ #
#...###..#....#


You could see a quokka.

Vanquished Creatures
  An adder (D:2)
  4 ball pythons
  6 bats
  3 endoplasms (D:1)
  2 giant cockroaches (D:1)
  4 goblins (D:1)
  4 hobgoblins (D:1)
  3 jackals (D:1)
  A kobold (D:2)
  A quokka (D:2)
  3 frilled lizards
  2 rats (D:1)
34 creatures vanquished.

Notes
Turn   | Place    | Note
-------+----------+-------------------------------------------
     0 | D:1      | H0rd4k the Octopode Artificer began the quest for the Orb.
     0 | D:1      | Reached XP level 1. HP: 13/13 MP: 1/1
   132 | D:1      | Reached XP level 2. HP: 18/18 MP: 2/2
   243 | D:1      | Reached skill level 4 in Evocations
   505 | D:1      | Found a faded altar of an unknown god.
   513 | D:1      | Reached XP level 3. HP: 16/23 MP: 3/3
   867 | D:2      | Noticed Sigmund
   867 | D:2      | Found a stormy altar of Qazlal.
  1017 | D:2      | Found Methudom's Distillery.
  1076 | D:2      | HP: 1/23 [poisoned by an adder]
  1076 | D:2      | Slain by a quokka

Illustrated notes

Levels and vault maps discovered:
D:1:      dpeg_arrival_water_temple_mockup, layout_loops_ring,
          ebering_ecumenical_altar_sacrificial, st_stairs_8,
          kennysheep_another_room
D:2:      layout_rooms, basic_altar, serial_shops, shop, minmay_liquid_box,
          grunt_decor_cap, grunt_decor_one_mirror, minmay_pentomino_pile,
          uniq_sigmund

Skill      XL: |  1  2  3 |
---------------+----------+-----
Evocations     | 4 |  4.1
Stealth        | 2 3 |  3.2
Fighting       | |  1.0
Dodging        | |  2.7
Unarmed Combat | |  0.2

Action                     || total
---------------------------++-------
  Melee: Unarmed           ||   106
         Constrict         ||    31
         Tentacles         ||    21
         Punch             ||     3
   Stab: Sleeping          ||     9
 Armour: Skin              ||    16
  Dodge: Dodged            ||    69
